[ AOE2 MATCH · #505272241 ]
UnrankedSlavs vs Khmer
Player's team · LOSS
Rival team · WIN
[ REPLAY ANALYSIS · EXTRACTED FROM THE RECORDED GAME ]
Feudal
9:33
Castle
25:48
Imperial
—
| APM avg | 21.2 |
| APM peak | 82 |
| eAPM avg | 9.8 |
| Villagers / military | 58 / 48 |
Focus
⚔️ 21.3% · 🌾 78.7%
Spearman ×23 · Militia ×16 · Scout Cavalry ×7 · Mangonel ×2
Feudal
11:33
Castle
23:28
Imperial
—
| APM avg | 50.1 |
| APM peak | 74 |
| eAPM avg | 18.3 |
| Villagers / military | 58 / 63 |
Focus
⚔️ 35.6% · 🌾 64.4%
Archer ×31 · Battle Elephant ×11 · Militia ×9 · Spearman ×8 · Battering Ram ×4
Match map
Initial resources + every placement click. Lines = walls · curves = elevation contours. ◆ gold · ⬟ stone · ● berries · ✦ relic · ◌ wall gap
Your base· Open — 1t gap
shoggi1234's base· Open — 6t gap
Smoothed initial terrain · ◌ = detected wall gap · hover for details
Inputs per minute
— Justin Credible - - shoggi1234
Build order — Justin Credible
150 actions detected in the replay
| 0:02 | Queue | Villager (Male) ×4 |
| 0:03 | Build | House |
| 0:05 | Build | House |
| 0:06 | Build | House |
| 1:09 | Build | Lumber Camp |
| 1:43 | Queue | Villager (Male) |
| 2:01 | Queue | Villager (Male) |
| 2:34 | Queue | Villager (Male) |
| 2:50 | Queue | Villager (Male) |
| 3:08 | Queue | Villager (Male) |
| 3:37 | Queue | Villager (Male) |
| 3:54 | Queue | Villager (Male) |
| 4:31 | Queue | Villager (Male) |
| 4:57 | Queue | Villager (Male) |
| 5:11 | Queue | Villager (Male) |
| 5:17 | Build | Mill |
| 5:34 | Queue | Villager (Male) |
| 5:58 | Queue | Villager (Male) |
| 6:15 | Build | Mill |
| 6:22 | Research | Loom |
| 7:23 | Research | Feudal Age |
| 7:41 | Build | Barracks |
| 8:05 | Build | House |
| 9:02 | Build | House |
| 9:15 | Queue | Villager (Male) |
| 9:16 | Queue | Villager (Male) |
| 9:33 | Age | Feudal Age |
| 9:34 | Queue | Villager (Male) |
| 9:34 | Queue | Villager (Male) |
| 9:40 | Build | Stable |
| 9:48 | Build | House |
| 9:56 | Research | Double-Bit Axe |
| 10:27 | Build | Farm |
| 10:35 | Queue | Scout Cavalry |
| 10:35 | Queue | Scout Cavalry |
| 10:53 | Build | Farm |
| 10:56 | Build | Farm |
| 10:56 | Queue | Villager (Male) |
| 10:57 | Queue | Villager (Male) |
| 11:05 | Queue | Scout Cavalry |
| 11:10 | Build | Farm |
| 11:15 | Build | Farm |
| 11:53 | Research | Horse Collar |
| 11:55 | Build | Farm |
| 12:00 | Build | Farm |
| 12:08 | Build | Farm |
| 12:19 | Queue | Villager (Male) |
| 12:40 | Queue | Villager (Male) |
| 13:01 | Build | Farm |
| 13:01 | Queue | Villager (Male) |
| 13:16 | Build | House |
| 13:34 | Build | Farm |
| 13:40 | Queue | Villager (Male) |
| 13:44 | Queue | Villager (Male) |
| 13:49 | Build | Farm |
| 14:09 | Queue | Villager (Male) |
| 14:21 | Queue | Villager (Male) |
| 14:26 | Build | Farm |
| 14:35 | Build | Farm |
| 14:40 | Build | Farm |
| 14:41 | Queue | Villager (Male) |
| 14:56 | Build | Farm |
| 14:57 | Queue | Villager (Male) |
| 15:10 | Build | Barracks |
| 15:11 | Queue | Villager (Male) |
| 15:13 | Build | Farm |
| 15:17 | Research | Man-at-Arms (upgrade) |
| 15:41 | Build | Farm |
| 15:53 | Build | Blacksmith |
| 15:55 | Queue | Villager (Male) |
| 16:13 | Queue | Villager (Male) |
| 16:29 | Queue | Villager (Male) |
| 16:43 | Build | Farm |
| 17:03 | Build | Barracks |
| 17:13 | Build | Farm |
| 17:27 | Research | Scale Mail Armor |
| 17:28 | Queue | Villager (Male) |
| 17:47 | Build | Farm |
| 17:54 | Research | Wheelbarrow |
| 19:01 | Queue | Scout Cavalry |
| 19:01 | Queue | Scout Cavalry |
| 19:02 | Queue | Scout Cavalry |
| 19:24 | Research | Scale Barding Armor |
| 19:33 | Queue | Villager (Male) |
| 19:33 | Queue | Villager (Male) |
| 19:33 | Queue | Villager (Male) |
| 20:05 | Queue | Villager (Male) |
| 20:39 | Queue | Villager (Male) |
| 21:07 | Build | Mining Camp |
| 21:20 | Queue | Scout Cavalry |
| 21:23 | Build | Farm |
| 21:44 | Queue | Villager (Male) |
| 21:44 | Queue | Villager (Male) |
| 21:49 | Build | Market |
| 22:19 | Queue | Villager (Male) |
| 22:54 | Build | Barracks |
| 23:08 | Research | Castle Age |
| 23:38 | Research | Forging |
| 24:41 | Build | Mining Camp |
| 24:49 | Build | Farm |
| 25:03 | Build | Barracks |
| 25:03 | Build | Barracks |
| 25:45 | Build | Mining Camp |
| 25:48 | Age | Castle Age |
| 25:51 | Queue | Villager (Male) |
| 25:52 | Queue | Villager (Male) |
| 25:54 | Research | Squires |
| 26:49 | Build | Siege Workshop |
| 26:54 | Queue | Villager (Male) |
| 26:55 | Queue | Villager (Male) |
| 27:00 | Research | Gold Mining |
| 27:01 | Queue | Villager (Male) |
| 27:13 | Research | Long Swordsman (upgrade) |
| 27:21 | Queue | Mangonel |
| 27:29 | Queue | Villager (Male) |
| 27:40 | Build | Farm |
| 27:58 | Research | Chain Mail Armor |
| 28:03 | Queue | Mangonel |
| 28:12 | Queue | Villager (Male) |
| 28:14 | Build | Farm |
| 28:46 | Research | Hand Cart |
| 28:46 | Queue | Villager (Male) |
| 28:47 | Queue | Villager (Male) |
| 29:09 | Queue | Militia ×5 |
| 29:09 | Queue | Militia ×5 |
| 29:11 | Queue | Villager (Male) |
| 29:13 | Build | Farm |
| 29:14 | Build | Farm |
| 29:31 | Build | Farm |
| 29:59 | Research | Gold Shaft Mining |
| 30:01 | Build | House |
| 30:01 | Build | House |
| 30:02 | Build | House |
| 30:02 | Build | House |
| 30:04 | Build | House |
| 30:15 | Queue | Militia ×5 |
| 30:15 | Queue | Militia |
| 30:59 | Queue | Villager (Male) |
| 31:05 | Build | Market |
| 31:08 | Research | Bow Saw |
| 31:39 | Queue | Villager (Male) |
| 31:40 | Queue | Villager (Male) |
| 31:53 | Queue | Villager (Male) |
| 32:19 | Research | Pikeman (upgrade) |
| 32:49 | Queue | Spearman ×5 |
| 32:49 | Queue | Spearman ×5 |
| 33:22 | Queue | Spearman ×5 |
| 34:22 | Build | Town Center |
| 34:48 | Queue | Spearman ×5 |
| 34:48 | Queue | Spearman ×3 |
Build order — shoggi1234
First 150 of 162 actions detected
| 0:01 | Queue | Villager (Male) |
| 0:03 | Build | House |
| 0:05 | Build | House |
| 0:15 | Queue | Villager (Male) |
| 0:15 | Queue | Villager (Male) |
| 0:15 | Queue | Villager (Male) |
| 1:37 | Queue | Villager (Male) |
| 1:37 | Queue | Villager (Male) |
| 1:48 | Build | Lumber Camp |
| 1:54 | Queue | Villager (Male) |
| 1:54 | Queue | Villager (Male) |
| 2:29 | Queue | Villager (Male) |
| 2:29 | Queue | Villager (Male) |
| 3:00 | Queue | Villager (Male) |
| 3:00 | Queue | Villager (Male) |
| 3:02 | Queue | Villager (Male) |
| 3:02 | Queue | Villager (Male) |
| 3:27 | Research | Loom |
| 3:34 | Queue | Villager (Male) |
| 3:34 | Queue | Villager (Male) |
| 3:50 | Queue | Villager (Male) |
| 4:08 | Build | House |
| 4:15 | Queue | Villager (Male) |
| 4:15 | Queue | Villager (Male) |
| 4:47 | Build | Barracks |
| 5:00 | Queue | Villager (Male) |
| 5:32 | Queue | Villager (Male) |
| 5:45 | Build | House |
| 5:50 | Queue | Villager (Male) |
| 6:03 | Queue | Militia |
| 6:03 | Queue | Militia |
| 6:04 | Queue | Militia |
| 6:14 | Build | Mining Camp |
| 6:33 | Queue | Villager (Male) |
| 7:07 | Queue | Villager (Male) |
| 7:48 | Queue | Militia |
| 7:48 | Queue | Militia |
| 7:53 | Queue | Villager (Male) |
| 7:57 | Build | House |
| 8:03 | Build | Palisade Wall |
| 8:04 | Build | Palisade Wall |
| 8:05 | Build | Palisade Wall |
| 8:05 | Build | Palisade Wall |
| 8:06 | Build | House |
| 8:20 | Queue | Villager (Male) |
| 8:51 | Queue | Villager (Male) |
| 9:08 | Build | Palisade Wall |
| 9:10 | Build | House |
| 9:24 | Research | Feudal Age |
| 10:01 | Build | House |
| 10:06 | Queue | Militia |
| 10:06 | Queue | Militia |
| 10:11 | Build | House |
| 10:38 | Queue | Militia |
| 11:02 | Build | House |
| 11:07 | Queue | Militia |
| 11:33 | Age | Feudal Age |
| 12:16 | Research | Man-at-Arms (upgrade) |
| 12:24 | Build | Outpost |
| 12:25 | Build | Outpost |
| 12:43 | Queue | Spearman |
| 12:52 | Build | Archery Range |
| 12:58 | Build | Farm |
| 12:58 | Build | Farm |
| 12:58 | Build | Farm |
| 12:58 | Build | Farm |
| 12:59 | Build | Farm |
| 12:59 | Build | Farm |
| 12:59 | Build | Farm |
| 13:31 | Queue | Spearman |
| 13:36 | Queue | Archer ×5 |
| 14:03 | Queue | Spearman |
| 14:11 | Queue | Spearman |
| 14:25 | Queue | Archer |
| 14:28 | Queue | Villager (Male) |
| 14:28 | Queue | Villager (Male) |
| 14:36 | Queue | Villager (Male) |
| 14:56 | Queue | Spearman |
| 15:16 | Queue | Villager (Male) |
| 15:17 | Queue | Villager (Male) |
| 15:53 | Queue | Villager (Male) |
| 15:53 | Queue | Villager (Male) |
| 16:16 | Queue | Archer |
| 16:16 | Queue | Villager (Male) |
| 16:21 | Build | Blacksmith |
| 16:24 | Build | Farm |
| 16:24 | Build | Farm |
| 16:25 | Build | Farm |
| 16:50 | Queue | Archer |
| 16:54 | Queue | Villager (Male) |
| 17:05 | Build | Mining Camp |
| 17:19 | Research | Fletching |
| 17:21 | Queue | Villager (Male) |
| 17:21 | Queue | Villager (Male) |
| 17:22 | Build | Farm |
| 17:43 | Queue | Villager (Male) |
| 17:44 | Queue | Villager (Male) |
| 17:52 | Queue | Villager (Male) |
| 17:59 | Queue | Archer |
| 18:16 | Research | Padded Archer Armor |
| 19:01 | Queue | Villager (Male) |
| 19:02 | Build | Farm |
| 19:09 | Build | Market |
| 19:49 | Queue | Villager (Male) |
| 20:48 | Research | Castle Age |
| 20:48 | Research | Castle Age |
| 21:10 | Queue | Spearman ×3 |
| 21:13 | Build | Archery Range |
| 22:03 | Queue | Villager (Male) |
| 22:06 | Queue | Archer ×5 |
| 22:32 | Queue | Archer ×2 |
| 23:10 | Build | Farm |
| 23:11 | Build | Farm |
| 23:28 | Age | Castle Age |
| 23:35 | Research | Crossbowman (upgrade) |
| 24:22 | Build | Siege Workshop |
| 24:55 | Research | Bodkin Arrow |
| 25:07 | Queue | Archer ×5 |
| 25:10 | Queue | Villager (Male) |
| 25:10 | Queue | Villager (Male) |
| 25:14 | Build | Farm |
| 25:25 | Queue | Villager (Male) |
| 25:26 | Queue | Villager (Male) |
| 25:26 | Queue | Villager (Male) |
| 26:00 | Queue | Battering Ram |
| 26:19 | Build | House |
| 26:27 | Build | Farm |
| 26:43 | Queue | Villager (Male) |
| 26:43 | Queue | Villager (Male) |
| 26:57 | Queue | Battering Ram |
| 27:08 | Research | Double-Bit Axe |
| 27:08 | Research | Double-Bit Axe |
| 27:09 | Queue | Villager (Male) |
| 27:33 | Research | Leather Archer Armor |
| 27:40 | Build | Farm |
| 28:04 | Queue | Battering Ram |
| 28:04 | Queue | Battering Ram |
| 28:08 | Build | House |
| 28:46 | Build | Stable |
| 28:55 | Queue | Villager (Male) |
| 28:55 | Queue | Villager (Male) |
| 28:59 | Queue | Villager (Male) |
| 29:10 | Queue | Villager (Male) |
| 29:12 | Queue | Archer ×5 |
| 29:24 | Build | House |
| 29:40 | Queue | Villager (Male) |
| 29:47 | Queue | Battle Elephant ×5 |
| 30:00 | Build | House |
| 30:03 | Build | House |
| 30:03 | Build | House |
Match timeline
| 4:47 | shoggi1234 · first_building Barracks |
| 7:41 | Justin Credible · first_building Barracks |
| 8:03 | shoggi1234 · wall_segment Palisade Wall x1 |
| 8:04 | shoggi1234 · wall_segment Palisade Wall x1 |
| 8:05 | shoggi1234 · wall_segment Palisade Wall x1 |
| 8:05 | shoggi1234 · wall_segment Palisade Wall x1 |
| 9:08 | shoggi1234 · wall_segment Palisade Wall x1 |
| 9:33 | Justin Credible · age_up feudal |
| 9:40 | Justin Credible · first_building Stable |
| 11:33 | shoggi1234 · age_up feudal |
| 12:52 | shoggi1234 · first_building Archery Range |
| 20:20 | shoggi1234 · first_market_buy 100 food |
| 22:38 | Justin Credible · first_market_sell 100 stone |
| 23:28 | shoggi1234 · age_up castle |
| 24:22 | shoggi1234 · first_building Siege Workshop |
| 25:48 | Justin Credible · age_up castle |
| 26:49 | Justin Credible · first_building Siege Workshop |
| 28:46 | shoggi1234 · first_building Stable |
| 34:00 | Justin Credible · first_market_buy 100 stone |
| 35:29 | Justin Credible · resign |
[ AI ANALYSIS · 1 CREDIT ]
What really happened in this match?
Wolo.gg analyzes every decision: build order, eco, micro, common mistakes by bracket. Personalized analysis on WhatsApp or Discord in 30 seconds.
Civ guide
Slavs
Perfil
Jugador #1807188